Sabres vs MapleLeafs

Created - December 21 2006 at 18:37

Goals
1 2 3 OT1 T
Sabres 0 1 0 0 1
MapleLeafs 1 0 0 1 2
Shots
1 2 3 OT1 T
Sabres 6 12 7 0 25
MapleLeafs 11 1 6 1 19

Period #1

1. MapleLeafs , Michael Peca 3 (Carlo Colaiacovo, Matthew Stajan) at 10:39

Penalities :
Eric Lindros (TOR) for Diving (Minor) at 3:30, Jaroslav Spacek (BUF) for Delaying the game (Minor) at 6:00, Teppo Numminen (BUF) for Hooking (Minor) at 10:46, Jeff O'Neill (TOR) for Roughing (Minor) at 19:17

Period #2

2. Sabres , Doug Weight 4 (Derek Roy, Jason Pominville) at 1:52 (PP)

Penalities :
Jason Allison (TOR) for Kneeing (Major) at 1:23, Michael Peca (TOR) for Charging (Minor) at 7:30, Nikolai Antropov (TOR) for Slashing (Minor) at 10:03, Bryan McCabe (TOR) for Cross-checking (Minor) at 14:04, Jason Allison (TOR) for Kneeing (Major) at 18:09

Period #3

No Goal

Penalities :
Eric Lindros (TOR) for Clipping (Minor) at 3:47, Thomas Vanek (BUF) for High sticking (Minor) at 7:41, Jeff O'Neill (TOR) for Delaying the game (Minor) at 13:21, Jeff O'Neill (TOR) for Charging (Minor) at 16:14

Overtime #1

3. MapleLeafs , Henrik Zetterberg 7 (Mats Sundin, Bryan McCabe) at 0:24

Penalities :
No Penalty

Goalie Stats

Ryan Miller (BUF), 17 saves from 19 shots - (0.895), OTL, 5-5-2, 60:25 minutes
Manny Legace (TOR), 24 saves from 25 shots - (0.960), W, 4-7-2, 60:25 minutes

Players Stats

Sabres
Player Name              G  A  P  +/- PIM S  H  SB FO MP 
-----------------------------------------------------------
Ales Kotalik             0  0  0  -1  0   2  0  1  1  21 
Brian Campbell           0  0  0   0  0   0  1  2  0  21 
Chris Drury              0  0  0  -1  0   2  0  0  1  21 
Daniel Briere            0  0  0  -1  0   5  0  0  24 22 
Danny Markov             0  0  0  -1  0   0  1  0  0  15 
Derek Roy                0  1  1   0  0   5  1  0  36 23 
Doug Weight              1  0  1  -1  0   1  0  0  10 21 
Jaroslav Spacek          0  0  0  -1  2   0  1  1  0  10 
Jason Pominville         0  1  1   0  0   2  0  1  0  20 
Jochen Hecht             0  0  0   0  0   0  0  0  0  10 
Maxim Afinogenov         0  0  0   0  0   0  0  0  0  7  
Nathan Horton            0  0  0   0  0   2  0  0  1  21 
Paul Gaustad             0  0  0   0  0   0  0  0  1  10 
Rob Blake                0  0  0  -1  0   2  2  1  0  27 
Teppo Numminen           0  0  0  -1  2   0  1  3  0  25 
Thomas Vanek             0  0  0  -1  2   3  0  1  1  12 
Tim Connolly             0  0  0   0  0   1  1  0  6  9  
Toni Lydman              0  0  0   0  0   0  1  2  0  16 
MapleLeafs
Player Name              G  A  P  +/- PIM S  H  SB FO MP 
-----------------------------------------------------------
Aki Berg                 0  0  0   1  0   0  0  8  0  21 
Alexander Steen          0  0  0   0  0   2  3  0  2  15 
Alexei Ponikarovsky      0  0  0   0  0   0  0  0  0  4  
Bryan McCabe             0  1  1   1  2   0  0  1  0  24 
Carlo Colaiacovo         0  1  1   1  0   2  0  0  0  14 
Chad Kilger              0  0  0   1  0   1  0  0  1  1  
Eric Lindros             0  0  0   0  4   1  1  0  0  16 
Hal Gill                 0  0  0   0  0   0  0  0  0  22 
Henrik Zetterberg        1  0  1   1  0   2  0  0  8  14 
Jason Allison            0  0  0   0  10  2  0  0  11 15 
Jeff O'Neill             0  0  0   0  6   1  1  0  0  15 
Kyle Wellwood            0  0  0   0  0   0  0  0  4  7  
Mats Sundin              0  1  1   1  0   2  2  0  21 23 
Matthew Stajan           0  1  1   1  0   1  1  0  5  24 
Michael Peca             1  0  1   1  2   3  0  0  28 21 
Nikolai Antropov         0  0  0   0  2   2  0  0  1  16 
Pavel Kubina             0  0  0   1  0   0  0  1  0  16 
Tomas Kaberle            0  0  0   0  0   0  1  0  0  25 

3 Stars

1 - Manny Legace (TOR)
2 - Ryan Miller (BUF)
3 - Henrik Zetterberg (TOR)

Power Play

Sabres - 1 on 9 Attempt(s) - 11.11%
MapleLeafs - 0 on 4 Attempt(s) - 0.00%

Penalty Kill

Sabres - 4 on 4 Attempt(s) - 100.00% - Score 0 goal in Penalty Kill
MapleLeafs - 8 on 9 Attempt(s) - 88.89% - Score 0 goal in Penalty Kill

Game Notes

No Game Note

Finance

Level 1 -- Attendance: 3861 (64.35%) -- Ticket Income $386,100.00
Level 2 -- Attendance: 3438 (76.39%) -- Ticket Income $206,280.00
Level 3 -- Attendance: 2424 (92.54%) -- Ticket Income $72,720.00
Level 4 -- Attendance: 3842 (91.47%) -- Ticket Income $57,630.00
Luxury Box -- Attendance: 810 (54.00%) -- Ticket Income $202,500.00
Game was played at the Air Canada Center
Total Attendance: 14375 (76.39%)
Total Ticket Income: $928,117.80
Other Expense: $106,763.40
Total Income: $821,355.00


Play by Play

Period #1

0:01 of 1st period - Daniel Briere wins face-off versus Mats Sundin in neutral zone.
0:27 of 1st period - Mats Sundin is hit by Rob Blake and loses puck.
1:18 of 1st period - Alexander Steen is hit by Derek Roy and loses puck.
1:42 of 1st period - Shot by Jason Allison.
1:42 of 1st period - Shot Blocked by Teppo Numminen.
1:43 of 1st period - Shot by Tomas Kaberle.
1:43 of 1st period - Shot Misses the Net.
1:44 of 1st period - Shot by Alexander Steen.
1:44 of 1st period - Stopped by Ryan Miller without a rebound.
1:45 of 1st period - Michael Peca wins face-off versus Doug Weight in Sabres zone.
1:49 of 1st period - Icing by Danny Markov.
1:50 of 1st period - Doug Weight wins face-off versus Michael Peca in Sabres zone.
2:33 of 1st period - Shot by Ales Kotalik.
2:33 of 1st period - Shot Misses the Net.
3:10 of 1st period - Shot by Maxim Afinogenov.
3:10 of 1st period - Shot Misses the Net.
3:13 of 1st period - Shot by Maxim Afinogenov.
3:13 of 1st period - Shot Blocked by Aki Berg.
3:18 of 1st period - Shot by Maxim Afinogenov.
3:18 of 1st period - Shot Blocked by Aki Berg.
3:19 of 1st period - Shot by Rob Blake.
3:19 of 1st period - Shot Misses the Net.
3:24 of 1st period - Shot by Maxim Afinogenov.
3:24 of 1st period - Shot Misses the Net.
3:25 of 1st period - Shot by Rob Blake.
3:25 of 1st period - Stopped by Manny Legace without a rebound.
3:26 of 1st period - Derek Roy wins face-off versus Jason Allison in MapleLeafs zone.
3:27 of 1st period - Shot by Jason Pominville.
3:27 of 1st period - Stopped by Manny Legace without a rebound.
3:28 of 1st period - Daniel Briere wins face-off versus Jason Allison in MapleLeafs zone.
3:30 of 1st period - Minor Penalty to Eric Lindros for Diving.
3:31 of 1st period - Henrik Zetterberg wins face-off versus Derek Roy in MapleLeafs zone.
3:31 of 1st period - Bryan McCabe is hit by Brian Campbell and loses puck.
3:42 of 1st period - Off-side.
3:43 of 1st period - Henrik Zetterberg wins face-off versus Daniel Briere in neutral zone.
3:54 of 1st period - Shot by Daniel Briere.
3:54 of 1st period - Stopped by Manny Legace without a rebound.
3:55 of 1st period - Derek Roy wins face-off versus Henrik Zetterberg in MapleLeafs zone.
3:56 of 1st period - Shot by Doug Weight.
3:56 of 1st period - Shot Misses the Net.
4:21 of 1st period - Shot by Derek Roy.
4:21 of 1st period - Stopped by Manny Legace without a rebound.
4:22 of 1st period - Michael Peca wins face-off versus Daniel Briere in MapleLeafs zone.
6:00 of 1st period - Minor Penalty to Jaroslav Spacek for Delaying the game.
6:01 of 1st period - Mats Sundin wins face-off versus Derek Roy in MapleLeafs zone.
6:51 of 1st period - Off-side.
6:52 of 1st period - Jason Allison wins face-off versus Derek Roy in neutral zone.
7:01 of 1st period - Shot by Jason Allison.
7:01 of 1st period - Shot Misses the Net.
7:02 of 1st period - Shot by Matthew Stajan.
7:02 of 1st period - Stopped by Ryan Miller with a rebound.
7:05 of 1st period - Shot by Jason Allison.
7:05 of 1st period - Stopped by Ryan Miller without a rebound.
7:06 of 1st period - Jason Allison wins face-off versus Tim Connolly in Sabres zone.
7:14 of 1st period - Icing by Jason Allison.
7:15 of 1st period - Derek Roy wins face-off versus Jason Allison in MapleLeafs zone.
7:58 of 1st period - Shot by Mats Sundin.
7:58 of 1st period - Stopped by Ryan Miller without a rebound.
7:59 of 1st period - Mats Sundin wins face-off versus Derek Roy in Sabres zone.
8:26 of 1st period - Shot by Michael Peca.
8:26 of 1st period - Stopped by Ryan Miller without a rebound.
8:27 of 1st period - Derek Roy wins face-off versus Mats Sundin in Sabres zone.
8:31 of 1st period - Brian Campbell is hit by Jeff O'Neill and loses puck.
9:49 of 1st period - Shot by Jason Allison.
9:49 of 1st period - Shot Blocked by Toni Lydman.
10:09 of 1st period - Off-side.
10:10 of 1st period - Chad Kilger wins face-off versus Doug Weight in neutral zone.
10:25 of 1st period - Shot by Doug Weight.
10:25 of 1st period - Shot Blocked by Aki Berg.
10:30 of 1st period - Shot by Chad Kilger.
10:30 of 1st period - Stopped by Ryan Miller with a rebound.
10:33 of 1st period - Shot by Michael Peca.
10:33 of 1st period - Shot Blocked by Thomas Vanek.
10:34 of 1st period - Shot by Matthew Stajan.
10:34 of 1st period - Shot Misses the Net.
10:39 of 1st period - Shot by Michael Peca.
10:39 of 1st period - Goal by Michael Peca.
10:40 of 1st period - Jason Allison wins face-off versus Derek Roy in neutral zone.
10:45 of 1st period - Shot by Alexander Steen.
10:45 of 1st period - Shot Misses the Net.
10:46 of 1st period - Shot by Tomas Kaberle.
10:46 of 1st period - Shot Blocked by Teppo Numminen.
10:46 of 1st period - Minor Penalty to Teppo Numminen for Hooking.
10:47 of 1st period - Jason Allison wins face-off versus Derek Roy in Sabres zone.
12:08 of 1st period - Shot by Henrik Zetterberg.
12:08 of 1st period - Stopped by Ryan Miller without a rebound.
12:09 of 1st period - Mats Sundin wins face-off versus Tim Connolly in Sabres zone.
12:59 of 1st period - Off-side.
13:00 of 1st period - Kyle Wellwood wins face-off versus Derek Roy in neutral zone.
13:15 of 1st period - Shot by Kyle Wellwood.
13:15 of 1st period - Shot Blocked by Teppo Numminen.
13:16 of 1st period - Shot by Alexei Ponikarovsky.
13:16 of 1st period - Shot Misses the Net.
13:19 of 1st period - Shot by Nikolai Antropov.
13:19 of 1st period - Stopped by Ryan Miller without a rebound.
13:20 of 1st period - Michael Peca wins face-off versus Doug Weight in Sabres zone.
13:40 of 1st period - Icing by Jeff O'Neill.
13:41 of 1st period - Tim Connolly wins face-off versus Michael Peca in MapleLeafs zone.
13:42 of 1st period - Shot by Maxim Afinogenov.
13:42 of 1st period - Shot Blocked by Aki Berg.
13:46 of 1st period - Matthew Stajan is hit by Rob Blake and loses puck.
13:56 of 1st period - Shot by Matthew Stajan.
13:56 of 1st period - Shot Misses the Net.
13:59 of 1st period - Shot by Michael Peca.
13:59 of 1st period - Stopped by Ryan Miller without a rebound.
14:00 of 1st period - Jason Allison wins face-off versus Daniel Briere in Sabres zone.
15:15 of 1st period - Shot by Jason Pominville.
15:15 of 1st period - Shot Misses the Net.
15:27 of 1st period - Derek Roy is hit by Mats Sundin and loses puck.
15:52 of 1st period - Hal Gill is hit by Teppo Numminen and loses puck.
16:01 of 1st period - Icing by Bryan McCabe.
16:02 of 1st period - Doug Weight wins face-off versus Henrik Zetterberg in MapleLeafs zone.
16:31 of 1st period - Shot by Matthew Stajan.
16:31 of 1st period - Shot Misses the Net.
16:48 of 1st period - Shot by Eric Lindros.
16:48 of 1st period - Stopped by Ryan Miller without a rebound.
16:49 of 1st period - Kyle Wellwood wins face-off versus Daniel Briere in Sabres zone.
16:57 of 1st period - Off-side.
16:58 of 1st period - Daniel Briere wins face-off versus Jason Allison in neutral zone.
17:28 of 1st period - Daniel Briere is hit by Eric Lindros and loses puck.
17:43 of 1st period - Icing by Rob Blake.
17:44 of 1st period - Michael Peca wins face-off versus Daniel Briere in Sabres zone.
18:09 of 1st period - Shot by Michael Peca.
18:09 of 1st period - Shot Blocked by Brian Campbell.
18:11 of 1st period - Icing by Brian Campbell.
18:12 of 1st period - Derek Roy wins face-off versus Kyle Wellwood in Sabres zone.
18:14 of 1st period - Teppo Numminen is hit by Tomas Kaberle and loses puck.
19:17 of 1st period - Minor Penalty to Jeff O'Neill for Roughing.
19:18 of 1st period - Daniel Briere wins face-off versus Michael Peca in MapleLeafs zone.
19:19 of 1st period - Shot by Thomas Vanek.
19:19 of 1st period - Stopped by Manny Legace with a rebound.
19:32 of 1st period - Shot by Rob Blake.
19:32 of 1st period - Stopped by Manny Legace with a rebound.
19:37 of 1st period - Shot by Daniel Briere.
19:37 of 1st period - Shot Misses the Net.

Period #2

0:01 of 2nd period - Michael Peca wins face-off versus Daniel Briere in neutral zone.
1:23 of 2nd period - Major Penalty to Jason Allison for Kneeing.
1:24 of 2nd period - Derek Roy wins face-off versus Mats Sundin in MapleLeafs zone.
1:51 of 2nd period - Shot by Derek Roy.
1:51 of 2nd period - Shot Misses the Net.
1:52 of 2nd period - Shot by Doug Weight.
1:52 of 2nd period - Goal by Doug Weight.
1:53 of 2nd period - Daniel Briere wins face-off versus Michael Peca in neutral zone.
2:42 of 2nd period - Shot by Doug Weight.
2:42 of 2nd period - Stopped by Manny Legace without a rebound.
2:43 of 2nd period - Matthew Stajan wins face-off versus Derek Roy in MapleLeafs zone.
2:49 of 2nd period - Icing by Brian Campbell.
2:50 of 2nd period - Derek Roy wins face-off versus Mats Sundin in Sabres zone.
2:52 of 2nd period - Icing by Doug Weight.
2:53 of 2nd period - Michael Peca wins face-off versus Derek Roy in Sabres zone.
3:42 of 2nd period - Shot by Daniel Briere.
3:42 of 2nd period - Shot Misses the Net.
4:18 of 2nd period - Icing by Doug Weight.
4:19 of 2nd period - Mats Sundin wins face-off versus Derek Roy in Sabres zone.
5:02 of 2nd period - Shot by Nathan Horton.
5:02 of 2nd period - Stopped by Manny Legace without a rebound.
5:03 of 2nd period - Michael Peca wins face-off versus Thomas Vanek in MapleLeafs zone.
5:19 of 2nd period - Off-side.
5:20 of 2nd period - Chris Drury wins face-off versus Michael Peca in neutral zone.
7:02 of 2nd period - Icing by Jaroslav Spacek.
7:03 of 2nd period - Doug Weight wins face-off versus Michael Peca in Sabres zone.
7:03 of 2nd period - Ales Kotalik is hit by Matthew Stajan and loses puck.
7:30 of 2nd period - Minor Penalty to Michael Peca for Charging.
7:31 of 2nd period - Henrik Zetterberg wins face-off versus Derek Roy in MapleLeafs zone.
7:39 of 2nd period - Off-side.
7:40 of 2nd period - Derek Roy wins face-off versus Henrik Zetterberg in neutral zone.
7:57 of 2nd period - Shot by Jason Pominville.
7:57 of 2nd period - Shot Blocked by Bryan McCabe.
8:02 of 2nd period - Shot by Derek Roy.
8:02 of 2nd period - Stopped by Manny Legace without a rebound.
8:03 of 2nd period - Daniel Briere wins face-off versus Matthew Stajan in MapleLeafs zone.
8:20 of 2nd period - Shot by Chris Drury.
8:20 of 2nd period - Shot Misses the Net.
8:21 of 2nd period - Shot by Chris Drury.
8:21 of 2nd period - Stopped by Manny Legace without a rebound.
8:22 of 2nd period - Derek Roy wins face-off versus Henrik Zetterberg in MapleLeafs zone.
8:25 of 2nd period - Shot by Jason Pominville.
8:25 of 2nd period - Shot Misses the Net.
8:42 of 2nd period - Shot by Derek Roy.
8:42 of 2nd period - Stopped by Manny Legace without a rebound.
8:43 of 2nd period - Daniel Briere wins face-off versus Mats Sundin in MapleLeafs zone.
9:56 of 2nd period - Shot by Pavel Kubina.
9:56 of 2nd period - Shot Misses the Net.
10:02 of 2nd period - Thomas Vanek is hit by Alexander Steen and loses puck.
10:03 of 2nd period - Minor Penalty to Nikolai Antropov for Slashing.
10:04 of 2nd period - Derek Roy wins face-off versus Michael Peca in neutral zone.
10:09 of 2nd period - Shot by Henrik Zetterberg.
10:09 of 2nd period - Shot Misses the Net.
10:12 of 2nd period - Shot by Henrik Zetterberg.
10:12 of 2nd period - Shot Blocked by Ales Kotalik.
10:13 of 2nd period - Shot by Bryan McCabe.
10:13 of 2nd period - Shot Blocked by Jason Pominville.
11:11 of 2nd period - Off-side.
11:12 of 2nd period - Mats Sundin wins face-off versus Derek Roy in neutral zone.
11:23 of 2nd period - Shot by Derek Roy.
11:23 of 2nd period - Shot Misses the Net.
11:24 of 2nd period - Shot by Toni Lydman.
11:24 of 2nd period - Shot Misses the Net.
11:37 of 2nd period - Shot by Derek Roy.
11:37 of 2nd period - Stopped by Manny Legace with a rebound.
11:38 of 2nd period - Shot by Brian Campbell.
11:38 of 2nd period - Shot Misses the Net.
11:39 of 2nd period - Shot by Toni Lydman.
11:39 of 2nd period - Shot Blocked by Aki Berg.
11:42 of 2nd period - Shot by Derek Roy.
11:42 of 2nd period - Stopped by Manny Legace without a rebound.
11:43 of 2nd period - Daniel Briere wins face-off versus Michael Peca in MapleLeafs zone.
12:07 of 2nd period - Icing by Rob Blake.
12:08 of 2nd period - Paul Gaustad wins face-off versus Alexander Steen in Sabres zone.
12:58 of 2nd period - Alexander Steen is hit by Jaroslav Spacek and loses puck.
13:50 of 2nd period - Shot by Daniel Briere.
13:50 of 2nd period - Shot Misses the Net.
14:04 of 2nd period - Minor Penalty to Bryan McCabe for Cross-checking.
14:05 of 2nd period - Mats Sundin wins face-off versus Derek Roy in MapleLeafs zone.
14:11 of 2nd period - Icing by Ales Kotalik.
14:12 of 2nd period - Matthew Stajan wins face-off versus Derek Roy in Sabres zone.
14:23 of 2nd period - Shot by Mats Sundin.
14:23 of 2nd period - Shot Blocked by Brian Campbell.
14:24 of 2nd period - Shot by Tomas Kaberle.
14:24 of 2nd period - Shot Misses the Net.
14:25 of 2nd period - Shot by Tomas Kaberle.
14:25 of 2nd period - Shot Misses the Net.
14:42 of 2nd period - Shot by Doug Weight.
14:42 of 2nd period - Stopped by Manny Legace without a rebound.
14:43 of 2nd period - Daniel Briere wins face-off versus Michael Peca in MapleLeafs zone.
15:10 of 2nd period - Shot by Daniel Briere.
15:10 of 2nd period - Stopped by Manny Legace with a rebound.
15:15 of 2nd period - Shot by Daniel Briere.
15:15 of 2nd period - Stopped by Manny Legace without a rebound.
15:16 of 2nd period - Matthew Stajan wins face-off versus Derek Roy in MapleLeafs zone.
16:47 of 2nd period - Shot by Tim Connolly.
16:47 of 2nd period - Stopped by Manny Legace with a rebound.
16:49 of 2nd period - Icing by Bryan McCabe.
16:50 of 2nd period - Daniel Briere wins face-off versus Mats Sundin in MapleLeafs zone.
17:22 of 2nd period - Icing by Rob Blake.
17:23 of 2nd period - Daniel Briere wins face-off versus Matthew Stajan in Sabres zone.
17:56 of 2nd period - Shot by Chris Drury.
17:56 of 2nd period - Shot Misses the Net.
18:01 of 2nd period - Shot by Jason Pominville.
18:01 of 2nd period - Shot Misses the Net.
18:09 of 2nd period - Major Penalty to Jason Allison for Kneeing.
18:10 of 2nd period - Derek Roy wins face-off versus Michael Peca in Sabres zone.
19:25 of 2nd period - Shot by Nathan Horton.
19:25 of 2nd period - Shot Blocked by Aki Berg.
19:30 of 2nd period - Shot by Chris Drury.
19:30 of 2nd period - Shot Misses the Net.
19:31 of 2nd period - Shot by Nathan Horton.
19:31 of 2nd period - Shot Blocked by Aki Berg.
19:43 of 2nd period - Icing by Doug Weight.
19:44 of 2nd period - Derek Roy wins face-off versus Michael Peca in Sabres zone.
19:59 of 2nd period - Shot by Nikolai Antropov.
19:59 of 2nd period - Stopped by Ryan Miller with a rebound.

Period #3

0:01 of 3rd period - Michael Peca wins face-off versus Daniel Briere in neutral zone.
1:59 of 3rd period - Off-side.
2:00 of 3rd period - Michael Peca wins face-off versus Daniel Briere in neutral zone.
2:11 of 3rd period - Shot by Chris Drury.
2:11 of 3rd period - Stopped by Manny Legace without a rebound.
2:12 of 3rd period - Michael Peca wins face-off versus Derek Roy in MapleLeafs zone.
3:32 of 3rd period - Maxim Afinogenov is hit by Alexander Steen and loses puck.
3:47 of 3rd period - Minor Penalty to Eric Lindros for Clipping.
3:48 of 3rd period - Michael Peca wins face-off versus Derek Roy in Sabres zone.
5:47 of 3rd period - Shot by Jason Pominville.
5:47 of 3rd period - Shot Blocked by Pavel Kubina.
6:29 of 3rd period - Off-side.
6:30 of 3rd period - Mats Sundin wins face-off versus Ales Kotalik in neutral zone.
6:40 of 3rd period - Icing by Hal Gill.
6:41 of 3rd period - Mats Sundin wins face-off versus Derek Roy in MapleLeafs zone.
7:29 of 3rd period - Icing by Carlo Colaiacovo.
7:30 of 3rd period - Michael Peca wins face-off versus Doug Weight in MapleLeafs zone.
7:30 of 3rd period - Matthew Stajan is hit by Danny Markov and loses puck.
7:41 of 3rd period - Minor Penalty to Thomas Vanek for High sticking.
7:42 of 3rd period - Derek Roy wins face-off versus Jason Allison in neutral zone.
8:55 of 3rd period - Shot by Mats Sundin.
8:55 of 3rd period - Shot Blocked by Toni Lydman.
9:45 of 3rd period - Icing by Carlo Colaiacovo.
9:46 of 3rd period - Kyle Wellwood wins face-off versus Doug Weight in MapleLeafs zone.
9:53 of 3rd period - Shot by Alexei Ponikarovsky.
9:53 of 3rd period - Shot Misses the Net.
9:54 of 3rd period - Shot by Carlo Colaiacovo.
9:54 of 3rd period - Stopped by Ryan Miller with a rebound.
9:57 of 3rd period - Shot by Alexei Ponikarovsky.
9:57 of 3rd period - Shot Blocked by Jaroslav Spacek.
9:58 of 3rd period - Shot by Carlo Colaiacovo.
9:58 of 3rd period - Shot Misses the Net.
9:59 of 3rd period - Shot by Hal Gill.
9:59 of 3rd period - Shot Misses the Net.
10:02 of 3rd period - Shot by Alexei Ponikarovsky.
10:02 of 3rd period - Shot Misses the Net.
10:05 of 3rd period - Shot by Nikolai Antropov.
10:05 of 3rd period - Shot Blocked by Rob Blake.
10:06 of 3rd period - Shot by Carlo Colaiacovo.
10:06 of 3rd period - Stopped by Ryan Miller without a rebound.
10:07 of 3rd period - Michael Peca wins face-off versus Daniel Briere in Sabres zone.
10:10 of 3rd period - Shot by Jeff O'Neill.
10:10 of 3rd period - Stopped by Ryan Miller without a rebound.
10:11 of 3rd period - Mats Sundin wins face-off versus Daniel Briere in Sabres zone.
10:17 of 3rd period - Jeff O'Neill is hit by Toni Lydman and loses puck.
10:35 of 3rd period - Shot by Henrik Zetterberg.
10:35 of 3rd period - Shot Misses the Net.
10:36 of 3rd period - Shot by Mats Sundin.
10:36 of 3rd period - Stopped by Ryan Miller without a rebound.
10:37 of 3rd period - Doug Weight wins face-off versus Jason Allison in Sabres zone.
10:58 of 3rd period - Shot by Thomas Vanek.
10:58 of 3rd period - Stopped by Manny Legace without a rebound.
10:59 of 3rd period - Michael Peca wins face-off versus Derek Roy in MapleLeafs zone.
11:32 of 3rd period - Shot by Chris Drury.
11:32 of 3rd period - Shot Misses the Net.
11:33 of 3rd period - Shot by Brian Campbell.
11:33 of 3rd period - Shot Blocked by Aki Berg.
11:38 of 3rd period - Shot by Jason Pominville.
11:38 of 3rd period - Stopped by Manny Legace with a rebound.
13:10 of 3rd period - Jochen Hecht is hit by Alexander Steen and loses puck.
13:14 of 3rd period - Shot by Daniel Briere.
13:14 of 3rd period - Stopped by Manny Legace with a rebound.
13:15 of 3rd period - Shot by Daniel Briere.
13:15 of 3rd period - Shot Misses the Net.
13:18 of 3rd period - Shot by Daniel Briere.
13:18 of 3rd period - Stopped by Manny Legace without a rebound.
13:19 of 3rd period - Derek Roy wins face-off versus Mats Sundin in MapleLeafs zone.
13:21 of 3rd period - Minor Penalty to Jeff O'Neill for Delaying the game.
13:22 of 3rd period - Mats Sundin wins face-off versus Derek Roy in MapleLeafs zone.
14:02 of 3rd period - Icing by Brian Campbell.
14:03 of 3rd period - Derek Roy wins face-off versus Mats Sundin in Sabres zone.
14:33 of 3rd period - Icing by Teppo Numminen.
14:34 of 3rd period - Daniel Briere wins face-off versus Mats Sundin in Sabres zone.
15:01 of 3rd period - Shot by Nathan Horton.
15:01 of 3rd period - Stopped by Manny Legace without a rebound.
15:02 of 3rd period - Mats Sundin wins face-off versus Daniel Briere in MapleLeafs zone.
15:21 of 3rd period - Shot by Daniel Briere.
15:21 of 3rd period - Shot Misses the Net.
15:30 of 3rd period - Shot by Jason Allison.
15:30 of 3rd period - Shot Misses the Net.
15:35 of 3rd period - Shot by Jason Allison.
15:35 of 3rd period - Stopped by Ryan Miller with a rebound.
16:11 of 3rd period - Icing by Teppo Numminen.
16:12 of 3rd period - Tim Connolly wins face-off versus Michael Peca in Sabres zone.
16:14 of 3rd period - Minor Penalty to Jeff O'Neill for Charging.
16:15 of 3rd period - Michael Peca wins face-off versus Nathan Horton in neutral zone.
16:49 of 3rd period - Nathan Horton is hit by Mats Sundin and loses puck.
18:26 of 3rd period - Alexander Steen is hit by Tim Connolly and loses puck.
18:41 of 3rd period - Icing by Rob Blake.
18:42 of 3rd period - Henrik Zetterberg wins face-off versus Tim Connolly in Sabres zone.
19:02 of 3rd period - Icing by Teppo Numminen.
19:03 of 3rd period - Michael Peca wins face-off versus Tim Connolly in Sabres zone.
19:36 of 3rd period - Shot by Ales Kotalik.
19:36 of 3rd period - Stopped by Manny Legace without a rebound.
19:37 of 3rd period - Alexander Steen wins face-off versus Derek Roy in MapleLeafs zone.
19:56 of 3rd period - Shot by Alexander Steen.
19:56 of 3rd period - Stopped by Ryan Miller without a rebound.
19:57 of 3rd period - Nikolai Antropov wins face-off versus Doug Weight in Sabres zone.

Overtime #1

0:01 of 1st overtime period - Mats Sundin wins face-off versus Daniel Briere in neutral zone.
0:24 of 1st overtime period - Shot by Henrik Zetterberg.
0:24 of 1st overtime period - Goal by Henrik Zetterberg.


Output by the STHS for Stephane Roy -- Original Page W3C XHTML 1.0 Valid